Map: Blackburn LE

Players

Massa - Winner!

  • Race: Terran Terran

Blitz

  • Race: Protoss Protoss
  • League: Platinum

VOD

Have the link to the VOD?

Description

Time

  • Played on: April 7, 2021, 3:19 p.m.
  • Length: 15:11
Show
View Real Time Build Order
Export as new Build Order

Massa Terran - Winner!

Build Orders:  

Get SALT Encoding   

  12  0:00  SCV  
  13  0:12  SCV  
  14  0:20  Supply Depot  
  14  0:24  SCV  
  15  0:41  SCV  
  16  0:43  Barracks  
  16  0:52  Refinery  
  16  0:53  SCV  
  17  1:05  SCV  
  18  1:18  SCV  
  19  1:30  SCV  
  20  1:39  Command Center  
  20  1:42  Marine  
  21  2:04  Factory  
  21  2:06  Orbital Command  
  21  2:27  Barracks Reactor  
  21  2:34  SCV  
  22  2:49  Refinery, Supply Depot  
  22  2:51  Hellion  
  24  2:52  Orbital Command  
  24  3:03  Marine x2  
  27  3:05  SCV  
  27  3:09  Engineering Bay  
  27  3:19  Hellion  
  29  3:20  SCV x2, Marine  
  29  3:21  Marine  
  33  3:28  Starport  
  33  3:35  SCV  
  33  3:38  Marine x2  
  33  3:40  Missile Turret  
  36  3:42  SCV  
  36  3:47  SCV  
  38  3:51  Hellion  
  38  3:55  SCV  
  41  3:56  Marine x2  
  41  4:01  SCV  
  44  4:07  SCV  
  45  4:16  SCV, Supply Depot  
  45  4:17  Missile Turret  
  46  4:19  SCV  
  45  4:37  Medivac  
  47  4:40  Marine x2  
  47  4:43  Hellion  
  49  4:58  Marine x2  
  47  5:05  Hellion  
  44  5:13  SCV x2  
  42  5:19  Missile Turret  
  42  5:22  Missile Turret  
  42  5:25  SCV x2, Missile Turret  
  42  5:26  Marine x2  
  44  5:33  Factory Tech Lab  
  44  5:35  Starport Reactor  
  42  5:37  SCV  
  41  5:43  Marine  
  41  5:44  Marine  
  42  5:53  Siege Tank  
  45  6:01  Marine x2  
  37  6:18  SCV x2  
  37  6:30  SCV x2  
  37  6:31  Siege Tank  
  37  6:32  Medivac  
  44  6:34  Marine x2  
  46  6:42  SCV, Barracks x2  
  46  6:46  Barracks  
  47  6:51  Marine  
  47  6:52  Marine  
  49  7:04  Widow Mine  
  51  7:09  Marine x2  
  51  7:12  SCV  
  54  7:16  Supply Depot  
  54  7:19  SCV  
  52  7:24  SCV  
  51  7:37  Marine  
  49  7:45  Barracks Reactor, Barracks Tech Lab x2, Marine  
  45  7:51  Medivac x2  
  45  7:55  Marine  
  45  7:58  SCV x2  
  52  8:01  Refinery  
  52  8:03  Marine  
  53  8:08  Command Center  
  53  8:09  Stimpack  
  53  8:10  SCV  
  54  8:13  Refinery  
  54  8:16  Supply Depot x2  
  54  8:21  Missile Turret  
  54  8:26  Combat Shield  
  54  8:37  SCV x2  
  54  8:39  Marauder, Supply Depot  
  54  8:40  Marauder, Marine  
  61  8:43  Supply Depot  
  61  8:49  SCV x2, Siege Tank  
  65  8:58  Terran Infantry Weapons Level 1  
  65  9:01  Marauder  
  65  9:02  SCV x2  
  69  9:11  Marine x2  
  69  9:12  Marauder, Marine x2  
  75  9:21  Siege Tank  
  75  9:22  Marauder  
  80  9:33  Marauder  
  80  9:34  SCV x2  
  80  9:35  SCV  
  85  9:46  SCV  
  85  9:47  SCV  
  85  9:49  Concussive Shells  
  87  9:58  Siege Tank  
  90  10:05  SCV x3  
  93  10:08  Medivac x2  
  93  10:09  Missile Turret  
  93  10:10  Mag-Field Accelerator  
  97  10:16  Marauder x2  
  101  10:25  Supply Depot  
  101  10:29  Supply Depot  
  101  10:46  SCV, Marine  
  101  10:47  SCV  
  89  11:23  Marauder x2, Marine x2  
  89  11:24  Viking x2  
  83  11:45  Marauder x2  
  81  11:54  Viking x2  
  81  11:58  Orbital Command  
  81  11:59  SCV x2  
  87  12:02  Marine x4  
  87  12:06  Marauder x2  
  95  12:11  SCV x2  
  97  12:17  Siege Tank  
  97  12:19  Marine  
  97  12:20  Terran Infantry Armor Level 1, Marine x3  
  104  12:23  SCV  
  104  12:24  SCV, Medivac, Viking  
  104  12:25  Armory  
  104  12:27  Marauder, Marine  
  104  12:29  Engineering Bay  
  113  12:31  Missile Turret  
  113  12:36  Command Center  
  113  12:37  Marine  
  113  12:39  Refinery  
  113  12:40  Refinery  
  113  12:41  SCV x3  
  117  12:52  Missile Turret  
  117  12:55  Supply Depot  
  117  12:59  Supply Depot  
  117  13:09  Ghost Academy  
  117  13:16  Marine x4  
  117  13:17  SCV, Marauder, Missile Turret  
  117  13:18  SCV  
  125  13:21  SCV, Marauder, Siege Tank  
  125  13:24  Viking  
  133  13:34  Supply Depot  
  133  13:36  Supply Depot  
  133  13:37  Supply Depot  
  133  13:39  Missile Turret  
  133  13:48  Viking  
  135  13:54  Viking  
  137  14:17  Viking  
  139  14:25  Siege Tank  
  139  14:26  Marauder  
  139  14:27  Marauder, Marine x4  
  150  14:48  Marauder x2  
Show
View Real Time Build Order
Export as new Build Order

Blitz Protoss 

Build Orders: Oracle Opening 

Get SALT Encoding   

  12  0:00  Probe  
  13  0:12  Probe  
  14  0:17  Pylon  
  14  0:25  Probe  
  15  0:37  Gateway  
  15  0:40  Probe  
  16  0:52  Probe  
  17  1:14  Assimilator  
  17  1:18  Probe  
  18  1:19  Assimilator  
  18  1:25  Cybernetics Core  
  18  1:34  Probe  
  18  1:36  Pylon  
  19  1:46  Probe  
  20  1:49  Warp Gate (Chrono Boost)  
  20  2:22  Stargate  
  20  2:27  Stalker (Chrono Boost)  
  22  2:37  Gateway  
  22  2:41  Gateway  
  22  2:48  Probe  
  23  3:00  Probe  
  24  3:07  Gateway  
  24  3:09  Oracle  
  27  3:34  Pylon  
  27  3:37  Gateway  
  27  3:40  Pylon  
  27  3:49  Oracle  
  27  3:53  Stalker  
  27  3:54  Stalker x2  
  36  4:09  Shield Battery  
  36  4:45  Probe  
  36  4:47  Stalker x2  
  36  4:48  Stalker x3  
  47  4:58  Probe  
  46  5:11  Stalker  
  46  5:30  Gateway  
  46  5:32  Pylon  
  46  5:34  Pylon  
  41  6:09  Stalker x5  
  47  6:34  Nexus  
  47  6:37  Pylon  
  47  6:44  Stalker x2  
  51  7:03  Probe  
  52  7:09  Robotics Facility  
  50  7:16  Probe  
  45  7:28  Probe  
  45  7:29  Stalker x3  
  41  7:41  Probe (Chrono Boost)  
  34  7:48  Probe (Chrono Boost)  
  35  7:57  Probe (Chrono Boost)  
  37  8:05  Probe (Chrono Boost)  
  37  8:12  Probe (Chrono Boost)  
  38  8:15  Shield Battery  
  38  8:16  Probe (Chrono Boost)  
  39  8:33  Probe (Chrono Boost)  
  42  8:41  Probe (Chrono Boost)  
  42  8:42  Probe (Chrono Boost)  
  42  8:47  Probe x2 (Chrono Boost)  
  41  8:59  Probe x2 (Chrono Boost)  
  43  9:03  Robotics Bay  
  45  9:11  Probe x2 (Chrono Boost)  
  45  9:16  Probe (Chrono Boost)  
  46  9:25  Probe  
  46  9:28  Probe  
  46  9:29  Immortal (Chrono Boost)  
  52  9:41  Forge  
  52  9:43  Forge  
  52  9:47  Assimilator, Extended Thermal Lance (Chrono Boost)  
  52  9:48  Probe  
  53  10:00  Probe  
  53  10:02  Colossus (Chrono Boost)  
  60  10:20  Assimilator  
  60  10:21  Probe  
  60  10:28  Protoss Ground Weapons Level 1  
  61  10:29  Protoss Ground Armor Level 1  
  61  10:33  Probe, Stalker x2  
  66  10:45  Stalker x2  
  66  10:57  Colossus (Chrono Boost)  
  66  11:05  Stalker  
  52  11:20  Stalker x2  
  41  11:42  Stalker  
  41  11:46  Zealot x3  
  45  11:56  Probe (Chrono Boost)  
  46  12:08  Probe (Chrono Boost)  
  48  12:09  Probe (Chrono Boost)  
  49  12:15  Probe (Chrono Boost)  
  49  12:18  Probe (Chrono Boost)  
  49  12:22  Probe  
  50  12:28  Probe  
  52  12:34  Probe, Photon Cannon  
  52  12:35  Photon Cannon  
  53  12:39  Protoss Shields Level 1 (Chrono Boost)  
  53  12:40  Probe  
  54  12:46  Probe  
  55  12:52  Pylon  
  55  13:01  Probe x2  
  57  13:07  Photon Cannon  
  57  13:11  Stalker x2  
  61  13:22  Pylon  
  62  13:27  Probe x2  
  62  13:31  Twilight Council  
  62  13:33  Photon Cannon  
  63  13:40  Stalker  
  65  13:41  Stalker  
  67  13:51  Photon Cannon  
  67  13:54  Photon Cannon  
  67  14:06  Assimilator  
  67  14:10  Stalker  
  69  14:18  Stalker  
  69  14:24  Stalker x2  
  75  14:46  Stalker  
  75  14:48  Stalker  
Tags
 
Add a new tag
Caveats
  • Supply blocks, unpowered buildings, or Contaminate may cause inaccurate times.
  • Supply counts are checked every 10 seconds.